 Dungeon Crawl Stone Soup version 0.28-a0-793-g31680bbd8b (webtiles) character file.

Game seed: 4469003420322505466

2058 voltaire321 the Skirmisher (level 9, 0/68 HPs)
             Began as a Demonspawn Wanderer on Nov 3, 2021.
             Was a Follower of Vehumet.
             Killed from afar by an orc warrior (16 damage)
             ... with an iceblast
             ... on level 7 of the Dungeon.
             The game lasted 00:24:27 (8224 turns).

voltaire321 the Skirmisher (Demonspawn Wanderer)    Turns: 8224, Time: 00:24:27

Health: 0/68       AC:  7    Str: 13    XL:     9   Next: 5%
Magic:  5/14       EV: 19    Int: 15    God:    Vehumet [*.....]
Gold:   347        SH:  0    Dex: 14    Spells: 3/14 levels left

rFire   . . .      SeeInvis .   b - +4 whip
rCold   . . .      Faith    .   (no shield)
rNeg    . . .      Spirit   .   j - +0 steam dragon scales
rPois   .          Reflect  .   C - +0 helmet
rElec   .          Harm     .   (no cloak)
rCorr   .          Rampage  .   (no gloves)
Will    +....                   (no boots)
Stlth   ++........              (no amulet)
HPRegen 0.21/turn               m - ring of willpower
MPRegen 0.28/turn               v - +4 ring of evasion

@: no status effects
A: repulsion field 1, magic regeneration, demonic touch 2
a: Renounce Religion


You were on level 7 of the Dungeon.
You worshipped Vehumet.
Vehumet was aware of your devotion.
You visited 2 branches of the dungeon, and saw 8 of its levels.

You collected 347 gold pieces.

Inventory:

Hand Weapons
 a - a +2 dagger
 b - a +4 whip (weapon)
 c - a +0 quarterstaff
Missiles
 s - 4 poisoned darts (quivered)
 x - 2 curare-tipped darts
Armour
 e - a +1 robe
 j - +0 steam dragon scales (worn)
 C - a +0 helmet (worn)
Jewellery
 l - a ring of positive energy
 m - a ring of willpower (left hand)
 o - a ring of ice
 v - a +4 ring of evasion (right hand)
Wands
 n - a wand of iceblast (33)
 u - a wand of mindburst (22)
 z - a wand of flame (10)
Scrolls
 i - a scroll of immolation
 r - a scroll of amnesia
 w - 2 scrolls of summoning
Potions
 d - 2 potions of curing
 f - a potion of heal wounds {unknown}
 g - a potion of magic {unknown}
 h - a potion of resistance {unknown}
 k - a potion of mutation {unknown}
 p - a potion of degeneration {unknown}
 q - 2 potions of might
 t - 2 potions of ambrosia
 A - a potion of flight
 B - a potion of brilliance {unknown}


   Skills:
 + Level 5.0 Fighting
 - Level 1.0 Short Blades
 - Level 3.6 Staves
 - Level 3.0 Throwing
 + Level 4.4 Armour
 + Level 4.6 Dodging
 - Level 1.7 Stealth
 + Level 3.4 Spellcasting
 + Level 3.8 Conjurations
 + Level 3.6 Fire Magic


You had 3 spell levels left.
You knew the following spells:

 Your Spells              Type           Power      Damage    Failure   Level
a - Scorch                Fire           26%        2d6       7%          2
b - Flame Wave            Conj/Fire      13%        3d5       38%         4
c - Fireball              Conj/Fire      6%         3d5       75%         5

Your spell library contained the following spells:

 Spells                   Type           Power      Damage    Failure   Level
 Sandblast                Erth           4%         2d4       19%         1
 Pain                     Necr           8%         1d4       19%         1
 Passwall                 Tmut/Erth      1%         N/A       28%         2
 Swiftness                Air            2%         N/A       50%         3
 Agony                    Necr           2%         N/A       99%         5
 Excruciating Wounds      Necr           1%         N/A       99%         5
 Starburst                Conj/Fire      6%         6d4       99%         6
 Invisibility             Hex            1%         N/A       100%        6
 Summon Cactus Giant      Summ           1%         N/A       100%        6
 Ignition                 Fire           6%         3d4       100%        8


Dungeon Overview and Level Annotations

Branches:
Dungeon (7/15)             Temple (1/1) D:4

Altars:
Ashenzari
Fedhas
Gozag
Hepliaklqana
Kikubaaqudgha
Makhleb
Nemelex Xobeh
Okawaru
Qazlal
Ru
Sif Muna
Trog
Vehumet
Wu Jian
Xom
Yredelemnul
The Shining One

Annotations:
D:3 1 runed translucent door, AlleluiaPinecone's ghost, amateur GnWn


Innate Abilities, Weirdness & Mutations

You are surrounded by a mild repulsion field. (EV +2)
You regenerate magic rapidly.
Your touch may inflict irresistible damage on your foes.


Message History

The orc hits you with a +0 flail.
You hit the orc.
You touch the orc.
You kill the orc!
Vehumet accepts your kill.
Casting: Scorch (safe; 7% risk of failure)
Confirm with . or Enter, or press ? or * to list all spells.
Flames lash the orc warrior.
The orc warrior is moderately wounded.
The orc warrior's fire resistance burns away.
Casting: Scorch (safe; 7% risk of failure)
Confirm with . or Enter, or press ? or * to list all spells.
Flames lash the orc warrior.
The orc warrior is burned terribly!
The orc warrior is heavily wounded.
The orc warrior throws a boomerang.
The boomerang hits you.
Casting: Scorch (safe; 7% risk of failure)
Confirm with . or Enter, or press ? or * to list all spells.
Flames lash the orc warrior.
The orc warrior is burned terribly!
The orc warrior is severely wounded.
The orc warrior zaps a wand.
The mass of ice explodes!
The iceblast engulfs you!
The orc warrior is no longer more vulnerable to fire.
The orc warrior throws a boomerang.
The boomerang misses you.
The orc warrior throws a boomerang.
The boomerang misses you.
The orc warrior throws a boomerang.
The boomerang hits you.
You see here a +0 dagger.
The orc warrior throws a boomerang.
The boomerang hits you!
Casting: Scorch (safe; 7% risk of failure)
Confirm with . or Enter, or press ? or * to list all spells.
You can't see any susceptible monsters within range! (Use Z to cast anyway.)
The orc warrior zaps a wand.
The mass of ice explodes!
The iceblast engulfs you.
The orc warrior zaps a wand.
The mass of ice explodes!
The iceblast engulfs you!
* * * LOW HITPOINT WARNING * * *
Casting: Scorch (safe; 7% risk of failure)
Confirm with . or Enter, or press ? or * to list all spells.
You can't see any susceptible monsters within range! (Use Z to cast anyway.)
The orc warrior zaps a wand.
The mass of ice explodes!
The iceblast engulfs you!
You die...

####################
.......<......@..o.#
##################.#
#)# #.#######
##.......#
##........#
#.........#
#.#o###.### ...#{#
...


You could see an orc warrior.

Vanquished Creatures
  A steam dragon (D:5)
  2 ice beasts (D:5)
  3 ogres
  A necrophage (D:6)
  2 centaurs
  3 phantoms
  3 scorpions
  A water moccasin zombie (D:5)
  A water moccasin skeleton (D:5)
  A howler monkey (D:3)
  3 hounds (D:5)
  2 centaur skeletons (D:6)
  2 orc priests
  2 jellies (D:6)
  A bullfrog skeleton (D:5)
  6 iguanas
  4 orc wizards
  A hound zombie (D:5)
  A hound skeleton (D:4)
  2 gnolls
  3 adders
  A shadow imp (D:6)
  2 white imps (D:6)
  A worm (D:3)
  18 orcs
  8 ball pythons
  9 endoplasms
  6 giant cockroaches (D:2)
  A goblin (D:2)
  2 hobgoblins (D:2)
  5 jackals
  2 quokkas
  A bat (D:2)
  2 frilled lizards
  3 kobolds
  A rat (D:3)
107 creatures vanquished.

Vanquished Creatures (collateral kills)
  An orc (D:4)
  A ball python (D:4)
2 creatures vanquished.

Grand Total: 109 creatures vanquished

Notes
Turn   | Place    | Note
-------+----------+-------------------------------------------
     0 | D:1      | voltaire321 the Demonspawn Wanderer began the quest for the
                  | Orb.
     0 | D:1      | voltaire321 set off with the following items: a +2 dagger,
                  | 3 curare-tipped darts, a +0 quarterstaff, a potion of
                  | curing, a +0 robe
     0 | D:1      | Reached XP level 1. HP: 15/15 MP: 1/1
   739 | D:1      | Gained mutation: Your touch may inflict minor irresistible
                  | damage on your foes. [demonic ancestry]
   739 | D:1      | Reached XP level 2. HP: 12/21 MP: 2/2
  1441 | D:2      | Reached skill level 1 in Armour
  1464 | D:2      | Gained mutation: You regenerate magic rapidly. [demonic
                  | ancestry]
  1464 | D:2      | Reached XP level 3. HP: 24/26 MP: 3/3
  1658 | D:2      | Found a faded altar of an unknown god.
  2426 | D:3      | Noticed a scorpion
  2430 | D:3      | Killed a scorpion
  2431 | D:3      | Reached skill level 2 in Fighting
  2431 | D:3      | Reached XP level 4. HP: 33/33 MP: 4/4
  2445 | D:3      | Found a runed translucent door.
  2445 | D:3      | Noticed AlleluiaPinecone's ghost (amateur GnWn)
  3037 | D:3      | Reached XP level 5. HP: 27/39 MP: 5/5
  3684 | D:4      | Noticed an ogre
  3720 | D:4      | Reached skill level 3 in Fighting
  3950 | D:4      | Reached XP level 6. HP: 47/47 MP: 6/6
  3964 | D:4      | Learned a level 5 spell: Fireball
  4310 | D:4      | Found a staircase to the Ecumenical Temple.
  4363 | Temple   | Entered the Ecumenical Temple
  4572 | Temple   | Became a worshipper of Vehumet
  4661 | D:5      | Entered Level 5 of the Dungeon
  5012 | D:5      | Noticed an ice beast
  5194 | D:5      | Reached skill level 1 in Spellcasting
  5194 | D:5      | Reached skill level 1 in Conjurations
  5194 | D:5      | Reached skill level 1 in Fire Magic
  5227 | D:5      | Reached XP level 7. HP: 16/52 MP: 8/8
  5676 | D:5      | Noticed a steam dragon
  5694 | D:5      | Killed a steam dragon
  6164 | D:5      | Reached skill level 4 in Fighting
  6231 | D:5      | Gained mutation: You are surrounded by a mild repulsion
                  | field. (EV +2) [demonic ancestry]
  6231 | D:5      | Reached XP level 8. HP: 60/60 MP: 11/11
  6506 | D:5      | Learned a level 2 spell: Scorch
  6511 | D:5      | Learned a level 4 spell: Flame Wave
  7269 | D:6      | Reached * piety under Vehumet
  7269 | D:6      | Offered knowledge of Sandblast by Vehumet.
  8038 | D:6      | Reached skill level 5 in Fighting
  8038 | D:6      | Gained mutation: Your touch may inflict irresistible damage
                  | on your foes. [demonic ancestry]
  8038 | D:6      | Reached XP level 9. HP: 54/68 MP: 14/14
  8224 | D:7      | Killed from afar by an orc warrior

Illustrated notes

Levels and vault maps discovered:
D:1:      ebering_hopf_link, layout_loops_ring
D:2:      layout_loops_ring, chequers_ecumenical_altar_simple,
          minmay_worlds_worst_comb
D:3:      layout_basic, hellmonk_ghost_happy_afterlife
D:4:      layout_basic, kennysheep_mini_moat, minmay_temple_entry_proselytizer
D:5:      layout_basic, grunt_ministairs_12
D:6:      layout_basic, hex_medium
D:7:      layout_rooms, serial_shops, shop, corexii_hall_statues_l
Temple:   eino_temple_rhombus

Skill      XL: |  1  2  3  4  5  6  7  8 |
---------------+-------------------------+-----
Armour         | 1 2 3 4 |  4.4
Fighting       | 2 3 4 5 |  5.0
Throwing       | 2 3 |  3.0
Dodging        | 2 3 4 |  4.6
Spellcasting   | 1 2 3 |  3.4
Conjurations   | 1 2 3 |  3.8
Fire Magic     | 1 2 3 |  3.6
Short Blades   | |  1.0
Staves         | |  3.6
Stealth        | |  1.7

Action                   |  1- 3 |  4- 6 |  7- 9 || total
-------------------------+-------+-------+-------++-------
Melee: Dagger            |    84 |    77 |       ||   161
       Touch             |    12 |    17 |    35 ||    64
       Whip              |       |    25 |   188 ||   213
Throw: Dart              |     2 |     8 |    22 ||    32
 Cast: Scorch            |       |       |    35 ||    35
  Use: Scroll            |       |    12 |     4 ||    16
 Stab: Sleeping          |     4 |     6 |     2 ||    12
Armor: Robe              |     5 |     7 |    14 ||    26
       Steam dragon scal |       |       |    12 ||    12
Dodge: Dodged            |    50 |    64 |   149 ||   263

Table legend: (Time is in decaauts)
 A = Elapsed time spent in this place.
 B = Non-inter-level travel time spent in this place.
 C = Inter-level travel time spent in this place.
 D = Time resting spent in this place.
 E = Time spent auto-exploring this place.
 F = Levels seen in this place.
 G = Mean time per level.
                   A        B        C        D        E       F      G
               +--------+--------+--------+--------+--------+-----+--------+
         Total |   8211 |   8038 |    173 |   2693 |   3814 |   8 | 1026.4 |
       Dungeon |   7994 |   7821 |    173 |   2693 |   3647 |   7 | 1142.0 |
        Temple |    216 |    216 |      0 |      0 |    167 |   1 |  216.0 |
               +--------+--------+--------+--------+--------+-----+--------+

Top non-repeatable levels by time:
     D:5: 1998 daAuts
     D:6: 1332 daAuts
     D:3: 1300 daAuts
     D:1: 1246 daAuts
     D:2: 1126 daAuts
     D:4: 917 daAuts
  Temple: 216 daAuts
     D:7: 73 daAuts
